AoeStats
← joosephy

Nomad

507679812Analyzed
2v2 RM · 14d ago on Sep 19, 2026· 40m 36s· 4 players
Game mode
Random Map
Map size
176×176
Population
200
Speed
Normal
Resources
Standard
Victory
Conquest
Starting age
Dark Age
Ending age
Imperial Age
RankedLock teamsTeams togetherTeam positionsShared explorationLock speedFull tech treeHidden civsTurbo modeCheats
Victory
Defeat
🇹🇼 Magyars · Taiwan
1558
+9
🇪🇸 Italians · Spain
1377
+16
🇩🇪 Dravidians · Germany
1401
-13
🇨🇴 Mongols · Colombia
1387
-12
Z
4:51 Loom
11:56 Feudal Age
13:14 Double-Bit Axe
13:26 Fishing Lines
15:02 Town Watch
16:01 Fletching
20:41 Castle Age
21:33 Medium Warships
21:25 Gillnets
22:47 Bodkin Arrow
23:13 Pikeman
29:25 Bow Saw
31:39 Horse Collar
34:30 Wheelbarrow
36:54 Stone Mining
37:06 Heavy Plow
39:16 Hand Cart
42:51 Imperial Age
felipe.franco99
12:04 Feudal Age
14:09 Double-Bit Axe
16:23 Loom
18:53 Castle Age
17:54 Fishing Lines
18:51 Gold Mining
20:10 Medium Warships
20:12 Bow Saw
19:53 Fletching
21:11 Gold Shaft Mining
22:13 Gillnets
22:22 Bodkin Arrow
23:35 Padded Archer Armor
24:20 Thumb Ring
24:44 Scale Barding Armor
27:13 Husbandry
27:23 Bloodlines
28:18 Town Watch
29:48 Horse Collar
30:20 Stone Mining
32:30 Stone Shaft Mining
33:02 Wheelbarrow
33:22 Ballistics
33:22 Leather Archer Armor
33:21 Fervor
33:42 Heavy Plow
34:41 Hand Cart
35:45 Masonry
40:22 Imperial Age
37:15 Light Cavalry
39:33 Coinage
joosephy
4:30 Loom
13:47 Feudal Age
18:02 Castle Age
16:04 Double-Bit Axe
20:10 Scale Barding Armor
31:03 Town Watch
31:42 Demolition Ship
32:42 Medium Warships
35:00 Wheelbarrow
39:29 Imperial Age
36:58 Horse Collar
37:53 Chain Barding Armor
40:49 Plate Barding Armor
40:42 Conscription
40:15 Elite Magyar Huszar
Revirado17
4:19 Loom
12:32 Feudal Age
16:34 Castle Age
15:41 Fletching
17:18 Bodkin Arrow
17:35 Medium Warships
20:45 Double-Bit Axe
26:01 Horse Collar
26:44 Bow Saw
28:33 Wheelbarrow
31:44 Ballistics
37:02 Imperial Age
37:45 Bracer
38:52 Chemistry
37:59 Gold Mining
38:00 Stone Mining
38:49 Elite Genoese Crossbowman
Connection lost

Rejoining the realm…

Still unreachable

The connection could not be restored.

Session expired

The server has moved on; the page needs a fresh start.